 Dungeon Crawl Stone Soup version 0.29.1-1-gd02db6906a (webtiles) character file.

Game seed: 13779709601626529249

29 brightshaft the Slasher (level 3, -1/27 HPs)
             Began as a Merfolk Gladiator on Sept 18, 2022.
             Slain by Robin
             ... wielding a +0 whip
              (4 damage)
             ... on level 2 of the Dungeon.
             The game lasted 00:01:23 (998 turns).

brightshaft the Slasher (Merfolk Gladiator)          Turns: 998, Time: 00:01:24

Health: -1/27      AC:  4    Str: 14    XL:     3   Next: 16%
Magic:  3/3        EV: 13    Int:  7    God:
Gold:   62         SH:  0    Dex: 17    Spells: 2/2 levels left

rFire   . . .      SeeInvis .   a - +0 long sword
rCold   . . .      Faith    .   (no shield)
rNeg    . . .      Spirit   .   b - +0 leather armour
rPois   .          Reflect  .   c - +0 helmet
rElec   .          Harm     .   (no cloak)
rCorr   .          Rampage  .   (no gloves)
Will    .....                   (no boots)
Stlth   +.........              (no amulet)
HPRegen 0.09/turn               (no ring)
MPRegen 0.08/turn               (no ring)

@: mighty
A: (nimble swimmer 2), mertail
a: no special abilities


You were on level 2 of the Dungeon.
You visited 1 branch of the dungeon, and saw 2 of its levels.

You collected 62 gold pieces.

Inventory:

Hand Weapons
 a - a +0 long sword (weapon)
Missiles
 d - 3 throwing nets (quivered)
 e - a javelin
Armour
 b - a +0 leather armour (worn)
 c - a +0 helmet (worn)
Scrolls
 f - a scroll of noise {unknown}
 g - a scroll of identify {unknown}
 h - 2 scrolls of teleportation {unknown}
 i - a scroll of acquirement {unknown}


   Skills:
 - Level 2.1 Fighting
 + Level 5.1 Long Blades
 - Level 2.0 Throwing
 - Level 4.0 Dodging


You had 2 spell levels left.
You didn't know any spells.
Your spell library was empty.

Dungeon Overview and Level Annotations

Branches:
Dungeon (2/15)

Altars:

Annotations:
D:2 Robin


Innate Abilities, Weirdness & Mutations

((You are very nimble when in or above water. (Stealth+, EV+, Speed+++)))
Your lower body shifts to a powerful aquatic tail in water.


Message History

The goblins go into a battle-frenzy!
You hear a shout!
There is an open door here.
You hit the hobgoblin.
You kill the hobgoblin!
Robin throws the goblin at you!
A goblin comes into view. It is wielding a +0 club.
The goblin hits you but does no damage.
You barely miss the goblin. The goblin closely misses you.
The goblin completely misses you. The goblin hits you but does no damage.
You closely miss the goblin. The goblin hits you with a +0 club.
Robin throws the goblin at you! The goblin closely misses you.
The goblin hits you with a +0 dagger.
You closely miss the goblin. The goblin barely misses you.
The goblin hits you with a +0 club. The goblin barely misses you.
You hit the goblin.
You kill the goblin!
The goblin hits you with a +0 club. The goblin closely misses you.
You hit the goblin.
The goblin is heavily wounded.
The goblin hits you with a +0 dagger.
A goblin comes into view. It is wielding a +0 dagger.
The goblin closely misses you. Robin throws the goblin at you!
The goblin hits you with a +0 dagger.
* * * LOW HITPOINT WARNING * * *
It was a potion of might.
You feel very mighty all of a sudden. The goblin hits you but does no damage.
The goblin completely misses you. The goblin hits you but does no damage.
You hit Robin.
Robin is moderately wounded.
The goblin closely misses you. Robin closely misses you.
The goblin hits you with a +0 club.
* * * LOW HITPOINT WARNING * * *
The goblin closely misses you.
You closely miss Robin.
Robin is moderately wounded.
The goblin barely misses you. The goblin completely misses you.
Robin hits you with a +0 whip.
You die...

#........#.#
#........#..
#........##.
#........#
#####'####
#.### #..^#
########g..#
..!g..g@g..#
########g..#
+...# #...#
#...# #...#
..... ##....


You could see Robin and 4 goblins.

Vanquished Creatures
  2 ball pythons (D:1)
  2 endoplasms
  2 giant cockroaches (D:1)
  4 goblins
  5 hobgoblins
  A kobold (D:1)
  A quokka (D:1)
  4 bats
  A frilled lizard (D:2)
  2 rats (D:1)
24 creatures vanquished.

Notes
Turn   | Place    | Note
-------+----------+-------------------------------------------
     0 | D:1      | brightshaft the Merfolk Gladiator began the quest for the
                  | Orb.
     0 | D:1      | Reached XP level 1. HP: 16/16 MP: 1/1
    22 | D:1      | Reached skill level 4 in Long Blades
    75 | D:1      | Reached XP level 2. HP: 9/22 MP: 2/2
   962 | D:2      | Reached skill level 5 in Long Blades
   962 | D:2      | Reached XP level 3. HP: 27/27 MP: 3/3
   988 | D:2      | Noticed Robin
   998 | D:2      | Slain by Robin

Illustrated notes

Levels and vault maps discovered:
D:1:      giann_horns, layout_basic, hangedman_decor_lopped,
          reono_crystal_passage
D:2:      layout_basic, hangedman_decor_push, uniq_natasha,
          uniq_crazy_yiuf_cottage, uniq_robin

Skill      XL: |  1  2 |
---------------+-------+-----
Long Blades    | 4 5 |  5.1
Fighting       | |  2.1
Throwing       | |  2.0
Dodging        | |  4.0

Action                   || total
-------------------------++-------
Melee: Long sword        ||    64
  Use: Potion            ||     1
Armor: Leather armour    ||    18
Dodge: Dodged            ||    63
